 Dungeon Crawl Stone Soup version 0.25.1-2-g60ff931 (webtiles) character file.

Game seed: 18316405647399850889

88 Askren the Skirmisher (level 4, -2/40 HPs)
             Began as a Hill Orc Fighter on Aug 30, 2020.
             Slain by Sigmund
             ... wielding a +0 scythe
              (9 damage)
             ... on level 3 of the Dungeon.
             The game lasted 00:07:56 (3067 turns).

Askren the Skirmisher (Hill Orc Fighter)            Turns: 3067, Time: 00:07:57

Health: -2/40      AC:  8    Str: 19    XL:     4   Next: 53%
Magic:  4/4        EV:  7    Int:  8    God:
Gold:   146        SH:  9    Dex: 10    Spells: 3/3 levels left

rFire    . . .     SeeInvis .   a - +0 war axe
rCold    . . .     Gourm    .   c - +0 kite shield
rNeg     . . .     Faith    .   b - +0 scale mail
rPois    .         Spirit   .   (no helmet)
rElec    .         Reflect  .   (no cloak)
rCorr    .         Harm     .   (no gloves)
MR       .....                  z - +0 pair of boots
Stlth    ..........             (no amulet)
HPRegen  0.13/turn              (no ring)
MPRegen  0.09/turn              (no ring)

@: mighty
A: no striking features
a: no special abilities


You were on level 3 of the Dungeon.
You were not hungry.

You visited 1 branch of the dungeon, and saw 3 of its levels.

You collected 146 gold pieces.

Inventory:

Hand Weapons
 a - a +0 war axe (weapon)
 j - a +0 dagger of holy wrath
 k - a +3 dagger of speed
 l - a cursed +0 short sword
Missiles
 x - 4 silver javelins (quivered)
Armour
 b - a +0 scale mail (worn)
 c - a +0 kite shield (worn)
 z - a +0 pair of boots (worn)
Jewellery
 e - an uncursed amulet of magic regeneration {unknown}
 y - a +6 ring of intelligence {unknown}
Scrolls
 g - a scroll of amnesia {unknown}
 h - 3 scrolls of blinking {unknown}
 i - 2 scrolls of fog {unknown}
 m - a scroll of enchant armour {unknown}
 n - a scroll of immolation {unknown}
 q - a scroll of identify {unknown}
 r - 4 scrolls of teleportation {unknown}
 v - a scroll of enchant weapon {unknown}
 w - 5 scrolls of remove curse {unknown}
Potions
 o - 3 potions of invisibility {unknown}
 p - 2 potions of heal wounds {unknown}
 s - 3 potions of curing {unknown}
 u - 4 potions of haste {unknown}
Comestibles
 f - 8 rations
 t - 3 chunks of flesh


   Skills:
 + Level 4.2 Fighting
 + Level 4.1 Axes
 + Level 3.8 Armour
 + Level 0.5 Dodging
 + Level 3.8 Shields


You had 3 spell levels left.
You didn't know any spells.
Your spell library was empty.

Dungeon Overview and Level Annotations

Branches:
Dungeon (3/15)

Altars:

Annotations:
D:3 Sigmund


Message History

Something hits you but does no damage.
You closely miss something.
Sigmund appears from thin air!
Reactivating autopickup.
Sigmund hits you with a +0 scythe!
* * * LOW HITPOINT WARNING * * *
You hit Sigmund.
Sigmund is lightly wounded.
You feel less confused. You block Sigmund's attack.
You slash Sigmund!
Sigmund is moderately wounded.
Sigmund barely misses you.
You closely miss Sigmund.
Sigmund is moderately wounded.
Sigmund hits you with a +0 scythe.
* * * LOW HITPOINT WARNING * * *
You slash Sigmund!
Sigmund is almost dead.
Sigmund hits you with a +0 scythe!
You die...

#.........# # #.#######.# ## #.#
#.# ##.
###########.#######.####### #..
..........................# #..
#.###..####..######.#####.# #..
#.###..# ##...## #.# #.# ##.
#......# #.....####.# #.# ##
.......# ##....@@...#####.# #
#......# ##.#######......# #
##)##### #.# #.###### ### #...#
#.# #.# #.. ....# #'# #.# #..
#...# #...# #.# #.. ..#.##
#.....# #.### ### .###)#
#.......# #.#.## #
..#.####.........###....#########


You could see Sigmund.

Vanquished Creatures
  2 adders (D:2)
  2 worms
  A dart slug (D:1)
  A leopard gecko (D:3)
  An orc (D:3)
  13 bats
  3 giant cockroaches
  7 goblins
  9 hobgoblins
  A ball python (D:3)
  6 frilled lizards
  9 kobolds
  7 rats
62 creatures vanquished.

Notes
Turn   | Place    | Note
-------+----------+-------------------------------------------
     0 | D:1      | Askren the Hill Orc Fighter began the quest for the Orb.
     0 | D:1      | Reached XP level 1. HP: 19/19 MP: 1/1
   211 | D:1      | Reached XP level 2. HP: 27/27 MP: 2/2
   563 | D:1      | Reached XP level 3. HP: 31/33 MP: 3/3
  1601 | D:2      | Reached XP level 4. HP: 33/40 MP: 4/4
  1886 | D:2      | Found a faded altar of an unknown god.
  3040 | D:3      | Noticed Sigmund
  3067 | D:3      | Slain by Sigmund

Illustrated notes

Levels and vault maps discovered:
D:1:      dpeg_arrival_brainrot, layout_basic
D:2:      layout_basic, chequers_ecumenical_altar_lobes, first_ration
D:3:      layout_loops_corners, uniq_sigmund

Skill      XL: |  1  2  3  4 |
---------------+-------------+-----
Fighting       | 4 |  4.2
Axes           | 3 4 |  4.1
Armour         | |  3.8
Dodging        | |  0.5
Shields        | |  3.8

Action                   |  1- 3 |  4- 6 || total
-------------------------+-------+-------++-------
Melee: War axe           |   149 |    69 ||   218
  Use: Potion            |       |     1 ||     1
  Eat: Chunk             |     3 |     4 ||     7
Armor: Scale mail        |    66 |    32 ||    98
Dodge: Dodged            |    40 |    22 ||    62
Block: Kite shield       |    79 |    34 ||   113
